TOP OF THE 1ST |
Chicago Machine batting - Pitching for Vista Panthers : RHP Scott Walker
|
Pitching: RHP Scott Walker
|
|
Batting: LHB Eric Wheeler
|
0-0: Ball 1-0: Ground out U3 (Groundball, 34)
|
Batting: SHB Edward Bartlett
|
0-0: Ball 1-0: Called Strike 1-1: Swinging Strike 1-2: Ball 2-2: Fly out, F7 (Line Drive, 7)
|
Batting: RHB Doug Stephens
|
0-0: Ball 1-0: Called Strike 1-1: Fly out, F9 (Flyball, 9)
|
Top of the 1st over - 0 run(s), 0 hit(s), 0 error(s), 0 left on base; Chicago 0 - Vista 0 |
BOTTOM OF THE 1ST |
Vista Panthers batting - Pitching for Chicago Machine : RHP Anthony Jackson
|
Pitching: RHP Anthony Jackson
|
|
Batting: LHB Bob Cunningham
|
0-0: Called Strike 0-1: Swinging Strike 0-2: Strikes out swinging
|
Batting: LHB Patrick Osborne
|
0-0: Ball 1-0: Swinging Strike 1-1: Ball 2-1: Foul Ball, location: 2F 2-2: Foul Ball, location: 2F 2-2: Ground out 6-3 (Groundball, 56)
|
Batting: LHB Brent Alonzo
|
0-0: Foul Ball, location: 2F 0-1: Ball 1-1: Swinging Strike 1-2: Ball 2-2: SINGLE (Flyball, 8RS)
|
Batting: SHB Mark Wells
|
0-0: Ball 1-0: Swinging Strike 1-1: Called Strike 1-2: Strikes out swinging
|
Bottom of the 1st over - 0 run(s), 1 hit(s), 0 error(s), 1 left on base; Chicago 0 - Vista 0 |
TOP OF THE 2ND |
Chicago Machine batting - Pitching for Vista Panthers : RHP Scott Walker
|
Batting: SHB José Alomar
|
0-0: Called Strike 0-1: Ball 1-1: Fly out, F7 (Flyball, 78M)
|
Batting: LHB Kiyonaga Morita
|
0-0: SOLO HOME RUN (Flyball, 89XD), Distance : 420 ft
|
Batting: RHB Matt Doyle
|
0-0: Ball 1-0: Called Strike 1-1: Swinging Strike 1-2: Foul Ball, location: 2F 1-2: Ball 2-2: Strikes out swinging, 2-3 out at first.
|
Batting: SHB Joaquín López
|
0-0: Ground out U3 (Groundball, 3L)
|
Top of the 2nd over - 1 run(s), 1 hit(s), 0 error(s), 0 left on base; Chicago 1 - Vista 0 |
BOTTOM OF THE 2ND |
Vista Panthers batting - Pitching for Chicago Machine : RHP Anthony Jackson
|
Batting: RHB Phil Matthews
|
0-0: Swinging Strike 0-1: Fly out, F4 (Popup, 4D)
|
Batting: LHB Francisco Marino
|
0-0: Ball 1-0: Ball 2-0: Called Strike 2-1: Swinging Strike 2-2: Ball 3-2: Foul Ball, location: 2F 3-2: Fly out, F8 (Line Drive, 8LM)
|
Batting: RHB Justin Burgess
|
0-0: Ball 1-0: Ball 2-0: Ball 3-0: Called Strike 3-1: Fly out, F9 (Flyball, 9LS)
|
Bottom of the 2nd over - 0 run(s), 0 hit(s), 0 error(s), 0 left on base; Chicago 1 - Vista 0 |
TOP OF THE 3RD |
Chicago Machine batting - Pitching for Vista Panthers : RHP Scott Walker
|
Batting: RHB Lorenzo Guzmán
|
0-0: Called Strike 0-1: Foul Ball, location: 2F 0-2: Ball 1-2: Ball 2-2: Strikes out swinging
|
Batting: SHB Jesús Ramírez
|
0-0: Ball 1-0: Ball 2-0: Swinging Strike 2-1: Foul Ball, location: 2F 2-2: Foul Ball, location: 2F 2-2: Ball 3-2: Fly out, F7 (Flyball, 7D)
|
Batting: LHB Eric Wheeler
|
0-0: Ball 1-0: Ball 2-0: Called Strike 2-1: Called Strike 2-2: Foul Ball, location: 2F 2-2: Strikes out swinging
|
Top of the 3rd over - 0 run(s), 0 hit(s), 0 error(s), 0 left on base; Chicago 1 - Vista 0 |
BOTTOM OF THE 3RD |
Vista Panthers batting - Pitching for Chicago Machine : RHP Anthony Jackson
|
Batting: RHB Roberto Cruz
|
0-0: Called Strike 0-1: Ball 1-1: Swinging Strike 1-2: Foul Ball, location: 2F 1-2: Ball 2-2: Foul Ball, location: 2F 2-2: Foul Ball, location: 2F 2-2: Ground out 6-3 (Groundball, 6S)
|
Batting: RHB Cisco Gatán
|
0-0: Ball 1-0: Called Strike 1-1: Ball 2-1: Foul Ball, location: 2F 2-2: Ball 3-2: Foul Ball, location: 2F 3-2: Base on Balls
|
Batting: LHB Bob Cunningham
|
0-0: Ball 1-0: Foul Ball, location: 2F 1-1: Ball 2-1: Fielders Choice at 2nd, 4-6 (Groundball, 34)
|
Batting: LHB Patrick Osborne
|
0-0: Called Strike 0-1: Foul Ball, location: 2F 0-2: Foul Ball, location: 2F 0-2: Ball 1-2: Ground out 6-3 (Groundball, 6D)
|
Bottom of the 3rd over - 0 run(s), 0 hit(s), 0 error(s), 1 left on base; Chicago 1 - Vista 0 |
TOP OF THE 4TH |
Chicago Machine batting - Pitching for Vista Panthers : RHP Scott Walker
|
Batting: SHB Edward Bartlett
|
0-0: Fly out, F8 (Flyball, 89S)
|
Batting: RHB Doug Stephens
|
0-0: Called Strike 0-1: Called Strike 0-2: Ball 1-2: Strikes out swinging
|
Batting: SHB José Alomar
|
0-0: DOUBLE (Line Drive, 9LS)
|
Batting: LHB Kiyonaga Morita
|
0-0: Called Strike 0-1: Called Strike 0-2: Ball 1-2: Ball 2-2: Ball 3-2: Ground out 4-3 (Groundball, 4)
|
Top of the 4th over - 0 run(s), 1 hit(s), 0 error(s), 1 left on base; Chicago 1 - Vista 0 |
BOTTOM OF THE 4TH |
Vista Panthers batting - Pitching for Chicago Machine : RHP Anthony Jackson
|
Batting: LHB Brent Alonzo
|
0-0: Called Strike 0-1: Foul Ball, location: 2F 0-2: Hit by Pitch
|
Batting: SHB Mark Wells
|
0-0: Called Strike 0-1: Ball Brent Alonzo steals 2nd base 1-1: 2-RUN HOME RUN (Flyball, 9D), Distance : 405 ft
|
Batting: RHB Phil Matthews
|
0-0: Foul Ball, location: 2F 0-1: Ball 1-1: Called Strike 1-2: Ball 2-2: Ball 3-2: Ground out 6-3 (Groundball, 6S)
|
Batting: LHB Francisco Marino
|
0-0: Ball 1-0: Ball 2-0: Ground out U3 (Groundball, 3)
|
Batting: RHB Justin Burgess
|
0-0: Called Strike 0-1: SINGLE (Line Drive, 4MD)
|
Batting: RHB Roberto Cruz
|
0-0: Ball Wild Pitch! Justin Burgess to second 1-0: Ball 2-0: Ball 3-0: Base on Balls
|
Batting: RHB Cisco Gatán
|
0-0: Ball 1-0: Ball 2-0: Foul Ball, location: 2F 2-1: Swinging Strike 2-2: Ball 3-2: Foul Ball, location: 2F 3-2: Base on Balls Justin Burgess to third Roberto Cruz to second
|
Batting: LHB Bob Cunningham
|
0-0: Fly out, F9 (Line Drive, 9D)
|
Bottom of the 4th over - 2 run(s), 2 hit(s), 0 error(s), 3 left on base; Chicago 1 - Vista 2 |
TOP OF THE 5TH |
Chicago Machine batting - Pitching for Vista Panthers : RHP Scott Walker
|
Batting: RHB Matt Doyle
|
0-0: Ball 1-0: Called Strike 1-1: Ball 2-1: Swinging Strike 2-2: Ball 3-2: Strikes out swinging
|
Batting: SHB Joaquín López
|
0-0: Ball 1-0: Ball 2-0: Foul Ball, location: 2F 2-1: Fly out, F9 (Flyball, 9LM)
|
Batting: RHB Lorenzo Guzmán
|
0-0: Ball 1-0: Foul Ball, location: 2F 1-1: Called Strike 1-2: Ground out 5-3 (Groundball, 5L)
|
Top of the 5th over - 0 run(s), 0 hit(s), 0 error(s), 0 left on base; Chicago 1 - Vista 2 |
BOTTOM OF THE 5TH |
Vista Panthers batting - Pitching for Chicago Machine : RHP Anthony Jackson
|
Batting: LHB Patrick Osborne
|
0-0: Ground out 6-3 (Groundball, 6MS)
|
Batting: LHB Brent Alonzo
|
0-0: Called Strike 0-1: Ground out 6-3 (Groundball, 56)
|
Batting: SHB Mark Wells
|
0-0: Ball 1-0: Called Strike 1-1: Ground out 6-3 (Groundball, 56)
|
Bottom of the 5th over - 0 run(s), 0 hit(s), 0 error(s), 0 left on base; Chicago 1 - Vista 2 |
TOP OF THE 6TH |
Chicago Machine batting - Pitching for Vista Panthers : RHP Scott Walker
|
Batting: SHB Jesús Ramírez
|
0-0: Called Strike 0-1: Foul Ball, location: 2F 0-2: Foul Ball, location: 2F 0-2: Fly out, F9 (Line Drive, 9)
|
Batting: LHB Eric Wheeler
|
0-0: SINGLE (Groundball, 34D)
|
Batting: SHB Edward Bartlett
|
0-0: Called Strike 0-1: Ground out U3 (Groundball, 3) Eric Wheeler to second
|
Batting: RHB Doug Stephens
|
0-0: Called Strike 0-1: Fly out, F9 (Flyball, 9)
|
Top of the 6th over - 0 run(s), 1 hit(s), 0 error(s), 1 left on base; Chicago 1 - Vista 2 |
BOTTOM OF THE 6TH |
Vista Panthers batting - Pitching for Chicago Machine : RHP Anthony Jackson
|
Pitching: RHP Cory Lowe
|
|
Batting: RHB Phil Matthews
|
0-0: Called Strike 0-1: Ball 1-1: Foul Ball, location: 2F 1-2: Fly out, F7 (Flyball, 7LM)
|
Batting: LHB Francisco Marino
|
0-0: Ball 1-0: Ground out U3 (Groundball, 3L)
|
Batting: RHB Justin Burgess
|
0-0: Ball 1-0: Ball 2-0: Fly out, F9 (Flyball, 9LS)
|
Bottom of the 6th over - 0 run(s), 0 hit(s), 0 error(s), 0 left on base; Chicago 1 - Vista 2 |
TOP OF THE 7TH |
Chicago Machine batting - Pitching for Vista Panthers : RHP Scott Walker
|
Batting: SHB José Alomar
|
0-0: Ball 1-0: Foul Ball, location: 2F 1-1: Ball 2-1: Swinging Strike 2-2: Ball 3-2: Strikes out looking
|
Batting: LHB Kiyonaga Morita
|
0-0: Foul Ball, location: 2F 0-1: Foul Ball, location: 2F 0-2: Ball 1-2: Ball 2-2: DOUBLE (Line Drive, 89S)
|
Batting: RHB Matt Doyle
|
0-0: Ball 1-0: Ball 2-0: Foul Ball, location: 2F 2-1: SINGLE (Line Drive, 89S) Kiyonaga Morita to third Runner from 3rd tries for Home, SAFE, throw made home
|
Batting: SHB Joaquín López
|
0-0: Called Strike 0-1: Ball 1-1: Ball 2-1: Foul Ball, location: 2F 2-2: Ball 3-2: Foul Ball, location: 2F 3-2: Base on Balls Matt Doyle to second
|
Pitching: RHP José Betancourt
|
|
Batting: RHB Lorenzo Guzmán
|
0-0: Swinging Strike 0-1: Foul Ball, location: 2F 0-2: Fly out, F9 (Flyball, 9LM)
|
Batting: SHB Jesús Ramírez
|
0-0: Ball 1-0: Ball 2-0: Ball 3-0: Called Strike 3-1: Fielders Choice at 2nd, 4-6 (Groundball, 4)
|
Top of the 7th over - 1 run(s), 2 hit(s), 0 error(s), 1 left on base; Chicago 2 - Vista 2 |
BOTTOM OF THE 7TH |
Vista Panthers batting - Pitching for Chicago Machine : RHP Cory Lowe
|
Batting: RHB Roberto Cruz
|
0-0: Ground out 4-3 (Groundball, 4S)
|
Batting: RHB Cisco Gatán
|
0-0: Ball 1-0: Fly out, F8 (Flyball, 8RS)
|
Batting: LHB Bob Cunningham
|
0-0: Ball 1-0: Called Strike 1-1: Ball 2-1: Swinging Strike 2-2: Ball 3-2: TRIPLE (Flyball, 89D)
|
Batting: LHB Patrick Osborne
|
0-0: Ball 1-0: Swinging Strike 1-1: Foul Ball, location: 2F 1-2: Ball 2-2: Strikes out swinging
|
Bottom of the 7th over - 0 run(s), 1 hit(s), 0 error(s), 1 left on base; Chicago 2 - Vista 2 |
TOP OF THE 8TH |
Chicago Machine batting - Pitching for Vista Panthers : RHP José Betancourt
|
Pitching: LHP Mario Tobías
|
|
Batting: LHB Eric Wheeler
|
0-0: Ground out U3 (Groundball, 3L)
|
Pitching: RHP Mitsunari Taguchi
|
|
Batting: SHB Edward Bartlett
|
0-0: Called Strike 0-1: SINGLE (Flyball, 8RS)
|
Batting: RHB Doug Stephens
|
0-0: Ball 1-0: Called Strike 1-1: DOUBLE (Groundball, 5L) Edward Bartlett to third
|
Batting: SHB José Alomar
|
0-0: Ball 1-0: Fly out, F8 (Flyball, 8RXD) Runner from 3rd tags up, SCORES, no throw
|
Batting: LHB Kiyonaga Morita
|
0-0: Called Strike 0-1: Called Strike 0-2: Ball 1-2: Strikes out swinging
|
Top of the 8th over - 1 run(s), 2 hit(s), 0 error(s), 1 left on base; Chicago 3 - Vista 2 |
BOTTOM OF THE 8TH |
Vista Panthers batting - Pitching for Chicago Machine : RHP Cory Lowe
|
Pitching: LHP Ricardo Guichardo
|
|
Batting: LHB Brent Alonzo
|
0-0: Ball 1-0: SINGLE (Groundball, 34D)
|
Batting: SHB Mark Wells
|
0-0: Called Strike 0-1: Ball 1-1: Fly out, F6 (Popup, 6S)
|
Pitching: RHP Rex Welch
|
|
Batting: RHB Phil Matthews
|
0-0: Ball 1-0: SINGLE (Line Drive, 6D) Brent Alonzo to second
|
Batting: LHB Francisco Marino
|
0-0: Called Strike 0-1: Ball 1-1: Foul Ball, location: 2F 1-2: Foul Ball, location: 2F 1-2: Strikes out swinging
|
Pinch Hitting: RHB John Mendelson
|
0-0: Ball 1-0: Ball 2-0: Called Strike 2-1: Ball 3-1: Foul Ball, location: 2F 3-2: Base on Balls Brent Alonzo to third Phil Matthews to second
|
Batting: RHB Roberto Cruz
|
0-0: Foul Ball, location: 2F 0-1: Fly out, F5 (Popup, 5L)
|
Bottom of the 8th over - 0 run(s), 2 hit(s), 0 error(s), 3 left on base; Chicago 3 - Vista 2 |
TOP OF THE 9TH |
Chicago Machine batting - Pitching for Vista Panthers : RHP Mitsunari Taguchi
|
Pitching: RHP David Simpson
|
|
Now at SS: George Howard
|
|
Batting: RHB Matt Doyle
|
0-0: Called Strike 0-1: Ball 1-1: Fly out, F4 (Popup, 34D)
|
Batting: SHB Joaquín López
|
0-0: Swinging Strike 0-1: Ball 1-1: Swinging Strike 1-2: Foul Ball, location: 2F 1-2: Strikes out looking
|
Batting: RHB Lorenzo Guzmán
|
0-0: Ball 1-0: Foul Ball, location: 2F 1-1: Called Strike 1-2: Ball 2-2: Fly out, F8 (Flyball, 8LXD)
|
Top of the 9th over - 0 run(s), 0 hit(s), 0 error(s), 0 left on base; Chicago 3 - Vista 2 |
BOTTOM OF THE 9TH |
Vista Panthers batting - Pitching for Chicago Machine : RHP Rex Welch
|
Pitching: RHP Víctor Reyes
|
|
Batting: RHB Cisco Gatán
|
0-0: Called Strike 0-1: Ball 1-1: Ball 2-1: Foul Ball, location: 2F 2-2: SINGLE (Line Drive, 34D)
|
Pinch Runner at 1st António López:
|
|
Batting: LHB Bob Cunningham
|
0-0: Sac Bunt - play at first, batter OUT! 1-3 António López to second
|
Batting: LHB Patrick Osborne
|
0-0: Called Strike 0-1: Foul Ball, location: 2F 0-2: Ball 1-2: Strikes out swinging
|
Batting: LHB Brent Alonzo
|
0-0: Called Strike 0-1: Called Strike 0-2: Ball 1-2: Ball 2-2: Foul Ball, location: 2F 2-2: Strikes out swinging
|
Bottom of the 9th over - 0 run(s), 1 hit(s), 0 error(s), 1 left on base; Chicago 3 - Vista 2 |
|